 Dungeon Crawl Stone Soup version 0.21.1-1-g345015f (webtiles) character file.

198 Monsterracer the Conjurer (level 5, -11/31 HPs)
             Began as an Octopode Wizard on June 3, 2018.
             Was a Believer of Elyvilon.
             Killed by divine providence
             ... invoked by an orc priest
              (15 damage)
             ... on level 4 of the Dungeon.
             The game lasted 00:05:55 (4148 turns).

Monsterracer the Conjurer (Octopode Wizard)         Turns: 4148, Time: 00:05:55

Health: -11/31     AC:  2    Str:  6    XL:     5   Next: 77%
Magic:  4/9        EV: 13    Int: 21    God:    Elyvilon [**....]
Gold:   104        SH:  0    Dex: 11    Spells: 1/10 levels left

rFire    . . .     SeeInvis .   a - +3 dagger (venom)
rCold    . . .     Gourm    .   (no shield)
rNeg     . . .     Faith    .   n - +1 hat
rPois    .         Spirit   .   t - amulet of magic regeneration
rElec    .         Reflect  .   (no ring)
rCorr    .         Harm     .   (no ring)
MR       .....                  (no ring)
Stlth    +++.......             (no ring)
HPRegen  0.10/turn              (no ring)
MPRegen  0.36/turn              (no ring)
                                (no ring)
                                (no ring)

@: very slightly contaminated
A: almost no armour, stealthy swim, amphibious, 8 rings, constrict 8, camouflage
1, gelatinous body 1
a: Lesser Healing, Heal Other, Divine Protection, Renounce Religion


You were on level 4 of the Dungeon.
You worshipped Elyvilon.
Elyvilon was pleased with you.
You were near starving.

You visited 1 branch of the dungeon, and saw 4 of its levels.

You collected 104 gold pieces.

Inventory:

Hand Weapons
 a - a +3 dagger of venom (weapon)
 b - a +0 trident
Missiles
 w - a throwing net (quivered)
Armour
 n - a +1 hat (worn)
Jewellery
 l - an uncursed amulet of inaccuracy
 t - an amulet of magic regeneration (around mantle)
Scrolls
 d - a scroll of amnesia
 m - 2 scrolls of teleportation
Potions
 j - 2 potions of curing
 k - a potion of mutation {!q}
 o - a potion of might
 p - a potion of agility
 q - a potion of resistance {unknown}
 r - 2 potions of brilliance {unknown}
 s - a potion of flight {unknown}
 u - 3 potions of cancellation
 v - a potion of lignification {unknown}
Comestibles
 c - 11 rations


   Skills:
 - Level 2.0 Dodging
 + Level 3.0 Stealth
 + Level 3.1 Spellcasting
 * Level 5.3 Conjurations
   Level 1.0 Summonings
 - Level 1.0 Translocations


You had one spell level left.
You knew the following spells:

 Your Spells              Type           Power        Failure   Level  Hunger
a - Magic Dart            Conj           ####         1%          1    None
b - Conjure Flame         Conj/Fire      ##......     13%         3    ###....
c - Mephitic Cloud        Conj/Pois/Air  ##......     19%         3    ###....
e - Blink                 Tloc           N/A          13%         2    ##.....


Dungeon Overview and Level Annotations

Branches:
Dungeon (4/15)
 Temple: D:4-7

Altars:
Elyvilon

Shops:
D:4 [


Innate Abilities, Weirdness & Mutations

You cannot wear most types of armour.
You are very stealthy in the water. (Stealth+)
You are amphibious.
You can wear up to eight rings at the same time.
You can use your tentacles to constrict eight enemies at once.
Your skin changes colour to match your surroundings (Stealth+).
Your rubbery body absorbs attacks. (AC +1, EV +1)


Message History

You are poisoned.
The worker ant poisons you!
You take 8 damage, and have 23/31 hp.
MASSIVE DAMAGE!!
Unknown command.
Casting: Magic Dart
Confirm with . or Enter, or press ? or * to list all spells.
Aiming: Magic Dart
Press: ? - help, Shift-Dir - straight line, f/p - worker ant
Aim: a worker ant (heavily wounded)
The magic dart hits the worker ant.
The worker ant is severely wounded.
You feel sick. The worker ant bites you!
* * * LOW HITPOINT WARNING * * *
You take 9 damage, and have 14/31 hp.
MASSIVE DAMAGE!!
You now have 6/9 mp.
Casting: Magic Dart
Confirm with . or Enter, or press ? or * to list all spells.
Aiming: Magic Dart
Press: ? - help, Shift-Dir - straight line, f/p - worker ant
Aim: a worker ant (severely wounded)
The magic dart hits the worker ant.
The worker ant is almost dead.
You feel sick. The worker ant barely misses you.
You take 1 damage, and have 13/31 hp.
You now have 5/9 mp.
Casting: Magic Dart
Confirm with . or Enter, or press ? or * to list all spells.
Aiming: Magic Dart
Press: ? - help, Shift-Dir - straight line, f/p - worker ant
Aim: a worker ant (almost dead)
The magic dart hits the worker ant.
The worker ant is almost dead.
The worker ant barely misses you. The worker ant bites you.
* * * LOW HITPOINT WARNING * * *
You take 2 damage, and have 11/31 hp.
You hit the worker ant but do no damage.
The worker ant is poisoned.
You grab the worker ant.
The worker ant is almost dead.
You constrict the worker ant.
You feel sick.
You kill the worker ant!
Your Stealth skill increases to level 3!
You feel sick.
You feel sick.
You feel sick.
You feel sick.
You feel sick.
You feel sick.
You are no longer poisoned.
Key pressed, stopping explore.
You are near starving!
You regained 10 hp, and now have 21/31 hp.
MP restored: 9 The orc wizard shouts!
You hear a shout! x3
There is an open door here.
Casting: Magic Dart
Confirm with . or Enter, or press ? or * to list all spells.
Aiming: Mephitic Cloud
Press: ? - help, Shift-Dir - straight line, f - orc wizard
Aim: an orc wizard, wielding a dagger and wearing a robe You miscast Mephitic Cloud.
You are very lightly contaminated with residual magic.
Wisps of vapour drift from your tentacles.
You now have 6/9 mp.
Casting: Mephitic Cloud
Confirm with . or Enter, or press ? or * to list all spells.
Aiming: Magic Dart
Press: ? - help, Shift-Dir - straight line, f/p - orc wizard
Aim: an orc wizard, wielding a dagger and wearing a robe The magic dart hits the orc wizard.
The orc wizard is lightly wounded.
The orc priest mumbles some strange prayers to Beogh against you.
Beogh smites you!
* * * LOW HITPOINT WARNING * * *
You take 12 damage, and have 9/31 hp.
MASSIVE DAMAGE!!
You now have 5/9 mp.
The orc throws a tomahawk.
The tomahawk closely misses you. The orc wizard casts a spell at you.
The puff of frost misses you.
The orc priest hits you from afar with a trident.
* * * LOW HITPOINT WARNING * * *
You take 5 damage, and have 4/31 hp.
The orc throws a tomahawk.
The tomahawk barely misses you.
You see here a tomahawk.
Casting: Magic Dart
Confirm with . or Enter, or press ? or * to list all spells.
Okay, then.
Unknown command.
Casting: Magic Dart
Confirm with . or Enter, or press ? or * to list all spells.
Aiming: Mephitic Cloud
Press: ? - help, Shift-Dir - straight line, p - orc wizard The ball explodes into a vile cloud!
The stinking cloud engulfs the orc wizard.
The orc wizard is lightly wounded.
The stinking cloud engulfs the orc priest.
The stinking cloud engulfs the orc.
You hear two shouts!
The orc is engulfed in noxious fumes.
The orc appears confused.
The orc wizard barely misses you.
The orc priest is engulfed in noxious fumes.
The orc priest invokes the aid of Beogh against you.
Beogh smites you!
You die...

#......# #......# ##
####......##
#..########..###'##...
#.................#...
#........o........#...
#######..##..######...
##....###o##..#........
#.....@oo..#..#........
#......§§..#..'........
#########§###+#........
................####.
................# +.
................# #.
................# #.
....##+#######+## ##
....


You could see an orc priest, an orc wizard and an orc.

Vanquished Creatures
  An iguana (D:4)
  Natasha (thrice) (D:3)
  A worker ant (D:4)
  2 oozes (D:3)
  2 worms
  2 dart slugs
  2 leopard geckos
  7 orcs (D:3)
  3 bats
  4 giant cockroaches
  5 goblins
  4 hobgoblins
  A quokka (D:3)
  6 frilled lizards
  3 kobolds
  9 rats
55 creatures vanquished.

Notes
Turn   | Place    | Note
-------+----------+-------------------------------------------
     0 | D:1      | Monsterracer the Octopode Wizard began the quest for the Orb.
     0 | D:1      | Reached XP level 1. HP: 11/11 MP: 4/4
   430 | D:1      | Reached XP level 2. HP: 17/17 MP: 1/6
   513 | D:1      | Reached skill level 2 in Conjurations
  1119 | D:2      | Learned a level 2 spell: Blink
  1592 | D:2      | Found a faded altar of an unknown god.
  1597 | D:2      | Reached XP level 3. HP: 21/21 MP: 5/7
  1607 | D:2      | Learned a level 3 spell: Conjure Flame
  1677 | D:2      | Became a worshipper of Elyvilon the Healer
  1677 | D:2      | Reached * piety under Elyvilon
  1683 | D:2      | You fall through a shaft!
  1767 | D:3      | Reached skill level 3 in Conjurations
  2651 | D:3      | Reached ** piety under Elyvilon
  2655 | D:3      | Noticed Natasha
  2661 | D:3      | Killed Natasha
  2661 | D:3      | Reached XP level 4. HP: 18/27 MP: 1/8
  2681 | D:3      | Learned a level 3 spell: Mephitic Cloud
  2684 | D:3      | Noticed Natasha
  2794 | D:3      | Killed Natasha
  2794 | D:3      | Reached skill level 4 in Conjurations
  2863 | D:3      | Noticed Natasha
  2870 | D:3      | Killed Natasha
  2870 | D:3      | Reached XP level 5. HP: 19/31 MP: 2/9
  3747 | D:4      | Reached skill level 5 in Conjurations
  3890 | D:4      | Found Karoizio's Armour Boutique.
  3971 | D:4      | HP: 14/31 [worker ant (8)]
  3976 | D:4      | HP: 10/31 [poisoned by a worker ant]
  3982 | D:4      | HP: 8/31 [poisoned by a worker ant]
  3990 | D:4      | HP: 7/31 [poisoned by a worker ant]
  4144 | D:4      | HP: 9/31 [orc priest/divine providence (13)]
  4145 | D:4      | HP: 4/31 [orc priest/trident (5)]
  4148 | D:4      | Killed from afar by an orc priest

Skill      XL: |  1  2  3  4  5 |
---------------+----------------+-----
Conjurations   | 2 3 4 5 |  5.3
Stealth        | 3 |  3.0
Dodging        | |  2.0
Spellcasting   | |  3.1
Summonings     | |  1.0
Translocations | |  1.0

Action                   |  1- 3 |  4- 6 || total
-------------------------+-------+-------++-------
Melee: Unarmed           |     2 |       ||     2
       Tentacles         |     2 |       ||     2
       Dagger            |     8 |     9 ||    17
       Constrict         |     1 |     1 ||     2
 Cast: Magic Dart        |    74 |    76 ||   150
       Mephitic Cloud    |       |     1 ||     1
  Use: Scroll            |       |    14 ||    14
  Eat: Chunk             |     5 |     3 ||     8
Armor: Skin              |       |     4 ||     4
Dodge: Dodged            |    12 |    28 ||    40

Vault maps used:
D:1:      arrival_zaba_pyramid, kennysheep_nondescript, minmay_misc_feat_plants
D:2:      chequers_ecumenical_altar_simple_redux, first_ration
D:3:      uniq_natasha
D:4:      minmay_temple_entry_statues_fountains, serial_shops, shop
